 Dungeon Crawl Stone Soup version 0.29.1-12-g30fa7ad0bf (webtiles) character file.

Game seed: 2063482597142230120

11323 wormed the Basher (level 11, 0/87 HPs)
             Began as a Demonspawn Fighter on Dec 22, 2022.
             Was a Follower of Yredelemnul.
             Shot with a bolt by an orc knight (15 damage)
             ... on level 11 of the Dungeon.
             The game lasted 00:20:56 (14158 turns).

wormed the Basher (Demonspawn Fighter)             Turns: 14158, Time: 00:20:56

Health: 0/87       AC: 17    Str: 20    XL:     11   Next: 47%
Magic:  11/11      EV:  5    Int: 10    God:    Yredelemnul [*.....]
Gold:   653        SH: 10    Dex: 13    Spells: 10/10 levels left

rFire   . . .      SeeInvis .   c - +2 whip (elec)
rCold   . . .      Faith    .   d - +0 kite shield
rNeg    . . .      Spirit   .   b - +0 plate armour
rPois   .          Reflect  .   (no helmet)
rElec   .          Harm     .   (cloak unavailable)
rCorr   .          Rampage  .   (no gloves)
Will    .....                   r - +0 pair of boots
Stlth   ..........              (no amulet)
HPRegen 0.24/turn               (no ring)
MPRegen 0.12/turn               (no ring)

@: studying Armour
A: icy blue scales 1, demonic guardian 1, spiny 1, weakness stinger 3
a: Renounce Religion, Recall Undead Harvest


You were on level 11 of the Dungeon.
You worshipped Yredelemnul.
Yredelemnul was noncommittal.
You visited 2 branches of the dungeon, and saw 12 of its levels.
You also visited: Sewer.

You collected 653 gold pieces.

Inventory:

Hand Weapons
 c - a +2 whip of electrocution (weapon)
Missiles
 m - 4 javelins (quivered)
Armour
 b - a +0 plate armour (worn)
 d - a +0 kite shield (worn)
 r - a +0 pair of boots (worn)
Jewellery
 F - a ring of ice
 O - a ring of flight
Wands
 f - a wand of iceblast (6)
 v - a wand of mindburst (4)
 z - a wand of polymorph (15)
 B - a wand of quicksilver (12)
 H - a wand of flame (23)
Scrolls
 a - 3 scrolls of magic mapping {unknown}
 e - 2 scrolls of poison
 j - a scroll of fear
 k - 4 scrolls of blinking {unknown}
 n - 3 scrolls of teleportation {unknown}
 o - 3 scrolls of noise {unknown}
 p - 4 scrolls of amnesia {unknown}
 q - 2 scrolls of butterflies {unknown}
 w - a scroll of enchant weapon {unknown}
 y - a scroll of silence {unknown}
 A - a scroll of torment {unknown}
 I - a scroll of summoning {unknown}
 K - 2 scrolls of identify
 M - 3 scrolls of vulnerability {unknown}
 P - a scroll of enchant armour {unknown}
Potions
 g - a potion of haste
 h - a potion of cancellation {unknown}
 i - 2 potions of brilliance
 l - 3 potions of resistance
 t - 3 potions of flight
 u - 4 potions of curing
 x - 5 potions of heal wounds
 C - 4 potions of magic
 D - 3 potions of mutation {unknown}
 E - a potion of invisibility {unknown}
 G - 5 potions of attraction
 J - a potion of ambrosia {unknown}
 L - 2 potions of might
 N - 2 potions of lignification {unknown}
Miscellaneous
 s - a tin of tremorstones (2/2)


   Skills:
 + Level 8.8 Fighting
 * Level 10.9 Maces & Flails
 + Level 9.9 Armour
 + Level 8.1 Shields


You had 10 spell levels left.
You didn't know any spells.
Your spell library contained the following spells:

 Spells                   Type           Power      Damage    Failure   Level
 Apportation              Tloc           0%         N/A       100%        1
 Foxfire                  Conj/Fire      0%         2x1d4     100%        1
 Necrotise                Necr           0%         1d4       100%        1
 Slow                     Hex            0%         N/A       100%        1
 Summon Small Mammal      Summ           0%         N/A       100%        1
 Ensorcelled Hibernation  Hex/Ice        0%         N/A       100%        2
 Passwall                 Tmut/Erth      0%         N/A       100%        2
 Confusing Touch          Hex            0%         N/A       100%        3
 Conjure Flame            Conj/Fire      0%         6-21      100%        3
 Ignite Poison            Fire/Tmut/Pois 0%         N/A       100%        3
 Inner Flame              Hex/Fire       0%         N/A       100%        3
 Mephitic Cloud           Conj/Pois/Air  0%         N/A       100%        3
 Swiftness                Air            0%         N/A       100%        3
 Vampiric Draining        Necr           0%         2d6       100%        3
 Animate Armour           Summ/Erth      0%         N/A       100%        4
 Flame Wave               Conj/Fire      0%         2d4       100%        4
 Blade Hands              Tmut           0%         N/A       100%        5
 Freezing Cloud           Conj/Ice/Air   0%         6-21      100%        5
 Iron Shot                Conj/Erth      0%         9d1       100%        6


Dungeon Overview and Level Annotations

Branches:
Dungeon (11/15)            Temple (1/1) D:7            Lair (0/5) D:10
  Sewer (visited)
    Orc: D:9-12

Altars:
Ashenzari
Cheibriados
Fedhas
Gozag
Makhleb
Nemelex Xobeh
Qazlal
Ru
Sif Muna
Trog
Yredelemnul

Shops:
D:6 (   D:10 [

Annotations:
D:4 3 runed translucent doors, gdog's ghost, amateur GnDe


Innate Abilities, Weirdness & Mutations

You are partially covered in icy blue scales. (AC +2)
A weak demonic guardian rushes to your aid.
You are partially covered in sharp spines.
You have a sharp stinger which inflicts weakening toxins.


Message History

The orc warrior hits your yak zombie with a +0 flail!
You swap places.
You hit the orc warrior.
Lightning courses through the orc warrior!
You kill the orc warrior!
The dead are walking!
The orc priest mumbles some strange prayers to Beogh against you.
Beogh smites you!
* * * LOW HITPOINT WARNING * * *
You hear a shout!
You hit the orc wizard but do no damage.
You tail-slap the orc wizard, but do no damage.
Your orange demon stings the orc wizard from afar!
You hit the orc wizard but do no damage.
The orc wizard is almost dead.
The orc wizard gestures at you while chanting.
The magic dart hits you.
* * * LOW HITPOINT WARNING * * *
A demonic guardian appears!
The orc priest calls upon Beogh to heal the orc wizard.
The orc wizard is healed somewhat.
Your orange demon stings the orc wizard but does no damage.
You closely miss the orc wizard.
The orc wizard is heavily wounded.
Your yak zombie gores the orc wizard!
The orc wizard points at you and mumbles some strange words.
The magic dart hits you.
* * * LOW HITPOINT WARNING * * *
You hit the orc wizard.
You kill the orc wizard!
The dead are walking!
Your orange demon disappears in a puff of smoke!
You swap places.
An orc comes into view. It is wielding a +0 club.
An orc knight comes into view. It is wielding a +0 broad axe.
The orc wizard hits your yak zombie with a +0 whip.
The orc knight unwields a +0 broad axe.
The orc knight wields a +0 arbalest.
The orc knight shoots a bolt.
The bolt hits you!
You die...
Your body rises from the dead as a mindless zombie.

#.# ####...## #.#
####...###.# #.#
#...........
##.#####..(.....###
#...............###
#..#####........)..
#.....oZ...........
#..####.8≈≈≈≈≈≈≈≈≈≈
#.@####)≈8≈≈≈≈≈≈≈≈≈
#Z.).##o≈≈YY#######
#.4#.##.≈≈Y#Y.Y
#ZZ#o##.≈≈##.Yo
#oo#)##..o.Y.Y.
#:)#)##.≈≈##...
#.o#)##§≈≈.#
#..Y.Y..≈≈o'
####.o.Y≈8≈≈


You could see an orc knight, a yak, an orc priest (strong, ally target), an orc
wizard (strong, ally target), an orc (strong), a friendly orange demon
(summoned), a friendly yak zombie, a friendly orc warrior zombie and a friendly
orc wizard zombie.

Vanquished Creatures
  2 two-headed ogres (D:9)
  3 death yaks (D:10)
  A gargoyle (D:11)
  A troll (shapeshifter) (D:8)
  3 trolls
  A hornet (D:7)
  Prince Ribbit (D:5)
  Sigmund (D:3)
  A wraith (D:9)
  11 yaks
  A shadow (D:11)
  2 steam dragons
  An acid dragon (D:10)
  An ogre (D:4)
  3 orc warriors
  3 ice beasts
  2 sky beasts
  2 centaurs
  2 phantoms
  3 kobold brigands
  A bullfrog (D:7)
  3 scorpions
  6 wights
  2 killer bees (D:9)
  A howler monkey (D:6)
  9 orc priests
  A hound (D:6)
  5 jellies
  Crazy Yiuf (D:5)
  3 iguanas
  Natasha (twice) (D:3)
  12 orc wizards
  6 gnolls
  8 adders
  An ufetubus (D:7)
  A worm (D:2)
  2 dart slugs
  41 orcs
  5 endoplasms
  5 giant cockroaches
  3 goblins
  5 hobgoblins
  6 jackals
  3 quokkas
  8 ball pythons
  7 bats
  4 frilled lizards
  25 kobolds
  8 rats
229 creatures vanquished.

Vanquished Creatures (collateral kills)
  A gargoyle (D:9)
  3 yaks (D:10)
  A water moccasin (D:7)
  An ice beast (D:5)
  3 orc warriors
  A killer bee (D:9)
  A howler monkey (D:7)
  2 orc wizards
  Natasha (D:3)
  A gnoll (D:6)
  3 orcs
18 creatures vanquished.

Vanquished Creatures (others)
  2 troll zombies
  5 yak zombies
  A centaur zombie (D:9)
  An ice beast zombie (D:8)
  A steam dragon zombie (D:9)
  17 orc zombies
  5 kobold zombies (D:10)
  A plant (Sewer)
33 creatures vanquished.

Grand Total: 280 creatures vanquished

Notes
Turn   | Place    | Note
-------+----------+-------------------------------------------
     0 | D:1      | wormed the Demonspawn Fighter began the quest for the Orb.
     0 | D:1      | Reached XP level 1. HP: 18/18 MP: 1/1
   315 | D:1      | Reached skill level 2 in Maces & Flails
   322 | D:1      | Gained mutation: You are partially covered in icy blue
                  | scales. (AC +2) [demonic ancestry]
   322 | D:1      | Reached XP level 2. HP: 16/24 MP: 2/2
  1173 | D:2      | Gained mutation: A weak demonic guardian rushes to your
                  | aid. [demonic ancestry]
  1173 | D:2      | Reached XP level 3. HP: 27/29 MP: 3/3
  1706 | D:2      | Gained mutation: You have a small tail. [demonic ancestry]
  1706 | D:2      | Reached XP level 4. HP: 28/35 MP: 4/4
  2472 | D:3      | Noticed Natasha
  2480 | D:3      | Killed Natasha
  2481 | D:3      | Reached skill level 3 in Maces & Flails
  2603 | D:3      | Found a glowing drain.
  2691 | Sewer    | Entered a sewer
  2875 | Sewer    | Gained mutation: You are partially covered in sharp spines.
                  | [demonic ancestry]
  2875 | Sewer    | Reached XP level 5. HP: 42/42 MP: 5/5
  3019 | Sewer    | Reached XP level 6. HP: 16/48 MP: 6/6
  3227 | D:3      | Noticed Natasha
  3236 | D:3      | Killed Natasha
  3237 | D:3      | Reached skill level 4 in Maces & Flails
  3322 | D:3      | Noticed Sigmund
  3329 | D:3      | Killed Sigmund
  3429 | D:3      | Noticed Natasha
  3435 | D:3      | Killed Natasha
  3613 | D:3      | Reached XP level 7. HP: 51/55 MP: 7/7
  4063 | D:4      | Found a runed translucent gate.
  4063 | D:4      | Found a runed translucent gate.
  4073 | D:4      | Found an opulent altar of Gozag.
  4073 | D:4      | Found a runed translucent gate.
  4076 | D:4      | Noticed gdog's ghost (amateur GnDe)
  4131 | D:4      | Reached skill level 5 in Maces & Flails
  4185 | D:4      | Identified the +0 short sword of the Rattlesnake {protect,
                  | Dex+4}
  4506 | D:5      | Entered Level 5 of the Dungeon
  4995 | D:5      | Noticed Prince Ribbit
  5003 | D:5      | Killed Prince Ribbit
  5004 | D:5      | Reached skill level 5 in Fighting
  5004 | D:5      | Reached XP level 8. HP: 62/62 MP: 8/8
  5551 | D:5      | Reached skill level 6 in Maces & Flails
  5571 | D:5      | Reached skill level 5 in Armour
  5594 | D:5      | Reached skill level 5 in Shields
  6005 | D:5      | Found a runed translucent door.
  6006 | D:5      | Noticed Crazy Yiuf
  6209 | D:5      | Paralysed by Crazy Yiuf for 4 turns
  6216 | D:5      | Killed Crazy Yiuf
  6421 | D:6      | Found Sappuifu's Weapon Shoppe.
  7319 | D:7      | Noticed a troll
  7338 | D:7      | Reached skill level 7 in Maces & Flails
  7341 | D:7      | Gained mutation: You have a tail ending in a sharp stinger.
                  | [demonic ancestry]
  7341 | D:7      | Reached XP level 9. HP: 13/67 MP: 9/9
  7672 | D:6      | Killed a troll
  8017 | D:7      | Identified the +9 battleaxe "Conservator" {venom, rElec
                  | Str-5 Dex+7}
  8017 | D:7      | Paralysed by a hornet for 3 turns
  8458 | D:7      | Identified the +1 robe of the Sultana {rElec Will- Dex+2}
  8553 | D:7      | Found a staircase to the Ecumenical Temple.
  8780 | Temple   | Entered the Ecumenical Temple
  8833 | Temple   | Became a worshipper of Yredelemnul the Dark
  8879 | D:8      | Reached skill level 8 in Maces & Flails
  8933 | D:8      | Reached * piety under Yredelemnul
  9191 | D:8      | Noticed a troll
  9200 | D:8      | Killed a troll
  9671 | D:8      | Found a sparkling altar of Nemelex Xobeh.
  9672 | D:8      | Found a blossoming altar of Fedhas.
  9782 | D:8      | Gained mutation: You have a sharp stinger which inflicts
                  | weakening toxins. [demonic ancestry]
  9782 | D:8      | Reached XP level 10. HP: 60/79 MP: 10/10
 10110 | D:9      | Noticed a two-headed ogre
 10121 | D:9      | Killed a two-headed ogre
 10287 | D:9      | Reached skill level 9 in Maces & Flails
 10520 | D:9      | Reached ** piety under Yredelemnul
 10580 | D:9      | Noticed a gargoyle
 10582 | D:9      | Noticed a two-headed ogre
 10591 | D:9      | Killed a gargoyle
 10874 | D:9      | Killed a two-headed ogre
 11237 | D:9      | Found the +6 shillelagh "Devastator" {shatter}
 11592 | D:10     | Entered Level 10 of the Dungeon
 11739 | D:10     | Noticed a death yak
 11739 | D:10     | Noticed a death yak
 11740 | D:10     | Noticed a death yak
 12051 | D:10     | Reached skill level 10 in Maces & Flails
 12450 | D:10     | Found Reca Nua's Antique Armour Emporium.
 12707 | D:10     | Killed a death yak
 12708 | D:10     | Reached XP level 11. HP: 79/87 MP: 11/11
 12717 | D:10     | Killed a death yak
 12720 | D:10     | Reached *** piety under Yredelemnul
 12737 | D:10     | Killed a death yak
 12737 | D:10     | Reached **** piety under Yredelemnul
 12737 | D:10     | Reached ***** piety under Yredelemnul
 12957 | D:10     | Found a staircase to the Lair.
 13175 | D:11     | Paralysed by something for 2 turns
 14158 | D:11     | Noticed an orc knight
 14158 | D:11     | Shot with a bolt by an orc knight

Illustrated notes

Levels and vault maps discovered:
D:1:      psy_arrival_fountain, layout_rooms,
          shapermc_ecumenical_altar_mp_urbaneastern, minmay_pentomino_s4
D:2:      layout_basic
D:3:      layout_rooms, portal_sewer_entry_a, uniq_sigmund, uniq_natasha
D:4:      layout_cave_pools, ebering_ghost_gozag
D:5:      layout_loops_ring, chequers_serial_rivers_large_a,
          minmay_misc_feat_diagonals, uniq_prince_ribbit1,
          uniq_crazy_yiuf_cottage
D:6:      layout_gridville, nicolae_take_the_stairs
D:7:      layout_cave_pools, lemuel_temple_firewalk_b, minmay_manual_monstrance
D:8:      layout_loops_corners, grunt_temple_overflow_open
D:9:      layout_rooms, dilly_guarded_unrand_devastator
D:10:     layout_basic, dpeg_lair_monsters, serial_shops, shop,
          nicolae_elevator_lobby_asterisk
D:11:     layout_loops_ring, erik_orc_2
Temple:   compressed_dpeg_triangle_lava_temple

Skill      XL: |  1  2  3  4  5  6  7  8  9 10 11 |
---------------+----------------------------------+-----
Maces & Flails | 2 3 4 5 7 8 10 | 10.9
Armour         | 3 4 5 7 9 |  9.9
Shields        | 3 4 5 6 7 8 |  8.1
Fighting       | 4 5 6 7 8 |  8.8

Action                   |  1- 3 |  4- 6 |  7- 9 | 10-12 || total
-------------------------+-------+-------+-------+-------++-------
Melee: Whip              |   148 |   168 |   359 |   289 ||   964
       Flail             |     4 |       |       |       ||     4
       Tailslap          |       |    16 |    56 |    65 ||   137
Throw: Javelin           |       |     3 |     3 |     2 ||     8
  Use: Potion            |       |     1 |     4 |       ||     5
       Scroll            |       |       |     9 |     2 ||    11
 Stab: Distracted        |     1 |     1 |     1 |     2 ||     5
Armor: Scale mail        |    99 |    89 |    25 |       ||   213
       Plate armour      |       |       |   149 |    97 ||   246
       Ring mail         |       |       |     4 |       ||     4
Dodge: Dodged            |    72 |    65 |    66 |    47 ||   250
Block: Buckler           |    30 |    39 |    49 |       ||   118
       Kite shield       |       |       |    62 |    95 ||   157
